 Dungeon Crawl Stone Soup version 0.19-a0-1384-gbb462ca (webtiles) character file.

1346869 mopl the Skullcrusher (level 27, -68/419 HPs)
             Began as an Ogre Wanderer on Sept 3, 2016.
             Was the Champion of the Shining One.
             Killed from afar by Koseosot the pandemonium lord (95 damage)
             ... with a great icy blast
             ... on level 14 of the Dungeon.
             The game lasted 06:55:30 (101848 turns).

mopl the Skullcrusher (Ogre Wanderer)             Turns: 101848, Time: 06:55:30

Health: -68/419    AC: 30    Str: 25    XL:     27
Magic:  39/42      EV: 32    Int:  8    God:    the Shining One [******]
Gold:   11039      SH:  0    Dex: 26    Spells: 15 memorised, 1 level left

rFire  . . .     SeeInvis .     a - +9 giant spiked club (holy) {harambe}
rCold  + . .     Gourm    .     (armour currently unavailable)
rNeg   + + +     Faith    .     (shield currently unavailable)
rPois  ∞         Spirit   .     R - +2 hat {MR+}
rElec  +         Dismiss  .     j - +4 dragonskin cloak
rCorr  .         Reflect  .     (gloves unavailable)
MR     +++..     Harm     .     (boots unavailable)
Stlth  +.........               m - amulet "Foxepreb" {Regen+ Dex+4}
                                B - ring of Batref {rC+ Str+2 Int-5 Dex+4 Slay+5}
                                t - ring of the Princeling {rElec Slay+5 Stlth+}

@: about to teleport, statue-form, frozen, very slightly contaminated, hasted,
glowing, repel missiles, very slow
A: unfitting armour, (tough skin 0)
a: End Transformation, Divine Shield, Cleansing Flame, Summon Divine Warrior,
Renounce Religion
0: Orb of Zot
}: 15/15 runes: decaying, serpentine, slimy, silver, golden, iron, obsidian,
icy, bone, abyssal, demonic, glowing, magical, fiery, dark


You were on level 14 of the Dungeon.
You worshipped the Shining One.
The Shining One was exalted by your worship.
You were very full.
You were a stone statue.
You visited 18 branches of the dungeon, and saw 90 of its levels.
You visited Pandemonium 2 times, and saw 22 of its levels.
You visited the Abyss 4 times.
You visited 1 bazaar.
You also visited: Sewer, Bailey and Desolation.

You collected 15269 gold pieces.
You spent 4230 gold pieces at shops.

Inventory:

Hand Weapons
 a - a +9 giant spiked club of holy wrath (weapon) {harambe}
 b - a +10 blowgun
 Q - the +7 giant spiked club of the Priest {crush, -Tele rF++ SInv}
   (You found it on level 7 of the Iron City of Dis)

   It inflicts extra damage upon your enemies.
   It greatly protects you from fire.
   It lets you see invisible.
   It prevents most forms of teleportation.
Missiles
 c - 7 needles of confusion
 d - 7 tomahawks of dispersal
 J - 122 large rocks (quivered)
 X - 4 needles of paralysis
Armour
 j - the +4 dragonskin cloak (worn)
   (You took it off Tiamat on level 1 of the Realm of Zot)
 u - a +4 troll leather armour (melded)
 R - a +2 hat of magic resistance (worn)
Jewellery
 k - the ring "Loestrou" {rF+ rC+ rN+ Int+2}
   (You bought it in a shop on level 2 of the Orcish Mines)

   [ring of positive energy]

   It affects your intelligence (+2).
   It protects you from fire.
   It protects you from cold.
   It protects you from negative energy.
 m - the amulet "Foxepreb" (around neck) {Regen+ Dex+4}
   (You bought it in a shop on level 2 of the Elven Halls)

   [amulet of regeneration]

   It affects your dexterity (+4).
   It increases your rate of regeneration.
 t - the ring of the Princeling (left hand) {rElec Slay+5 Stlth+}
   (You took it off an orc warrior on level 5 of the Depths)

   [ring of slaying]

   It affects your accuracy and damage with ranged weapons and melee attacks
   (+5).
   It insulates you from electricity.
   It makes you more stealthy.
 B - the ring of Batref (right hand) {rC+ Str+2 Int-5 Dex+4 Slay+5}
   (You found it in Pandemonium)

   [ring of protection from cold]

   It affects your strength (+2).
   It affects your intelligence (-5).
   It affects your dexterity (+4).
   It affects your accuracy and damage with ranged weapons and melee attacks
   (+5).
   It protects you from cold.
 C - the ring "Hemir" {Wiz MP+9 Int+4 Stlth+}
   (You found it on level 7 of Tartarus)

   [ring of wizardry]

   It improves your spell success rate.
   It affects your intelligence (+4).
   It affects your magic capacity (+9).
   It makes you more stealthy.
 D - the ring of Ru's Indignation {rF+ rN+ Str-5 Dex+4}
   (You found it on level 5 of the Depths)

   [ring of protection from fire]

   It affects your strength (-5).
   It affects your dexterity (+4).
   It protects you from fire.
   It protects you from negative energy.
 O - the ring of Uraeruq {rCorr Int+4 SInv}
   (You found it on level 5 of the Pits of Slime)

   [ring of resist corrosion]

   It affects your intelligence (+4).
   It lets you see invisible.
 S - the ring "Geseogumn" {+Fly rC+ Dex+4}
   (You found it on level 3 of the Realm of Zot)

   [ring of flight]

   It affects your dexterity (+4).
   It protects you from cold.
   It lets you fly.
 T - the ring of the Orange Skies {rElec MR+ AC+4 SInv Stlth-}
   (You found it in Pandemonium)

   [ring of protection]

   It affects your AC (+4).
   It insulates you from electricity.
   It affects your resistance to hostile enchantments.
   It lets you see invisible.
   It makes you less stealthy.
 Y - the brooch of Shielding {Reflect SH+8}
   (You found it on level 5 of the Depths)

   [amulet of reflection]

   It shields you and reflects attacks.
   It affects your SH (+8).
Wands
 q - a wand of teleportation (5/9)
 v - a wand of digging (15/24)
 F - a wand of disintegration (11/24)
 V - a wand of hasting (6/9)
Scrolls
 e - 3 scrolls of teleportation
 g - 40 scrolls of remove curse
 n - 3 scrolls of recharging
 r - a scroll of blinking
 s - 4 scrolls of silence {!r}
 N - 8 scrolls of fog
 P - 4 scrolls of summoning
 U - 4 scrolls of fear
Potions
 i - a potion of ambrosia
 o - 23 potions of curing
 w - 8 potions of flight
 z - 2 potions of resistance
 A - 4 potions of magic
 E - 3 potions of cancellation
 G - 9 potions of might
 H - 8 potions of agility
 I - 6 potions of heal wounds
 W - 2 potions of haste
 Z - 12 potions of lignification {!q}
Miscellaneous
 l - 3 sacks of spiders
 p - a phial of floods
 x - a fan of gales
 y - 7 phantom mirrors
 K - 7 boxes of beasts
 M - a figurine of a ziggurat
Comestibles
 f - 22 meat rations


   Skills:
 O Level 27 Fighting
   Level 1.3 Long Blades
 O Level 27 Maces & Flails
 + Level 24.4 Throwing
 + Level 23.4 Dodging
 - Level 1.5 Stealth
 - Level 15.0 Spellcasting
 - Level 5.0 Conjurations
 - Level 5.0 Hexes
 - Level 4.0 Charms
 - Level 23.0 Translocations
 - Level 14.0 Transmutations
 - Level 4.0 Air Magic
 - Level 14.0 Earth Magic
 + Level 24.6 Invocations
 - Level 3.0 Evocations


You had one spell level left.
You knew the following spells:

 Your Spells              Type           Power        Failure   Level  Hunger
a - Apportation           Tloc           #####.....   0%          1    None
b - Summon Butterflies    Summ           #.......     12%         1    None
c - Spectral Weapon       Hex/Chrm       ##......     6%          3    ##.....
d - Passage of Golubria   Tloc           N/A          0%          4    ####...
e - Blink                 Tloc           N/A          0%          2    None
f - Portal Projectile     Tloc           #####.       0%          3    ##.....
i - Repel Missiles        Chrm/Air       ##....       2%          2    None
k - Lee's Rapid Deconstr  Erth           ####......   1%          5    #####..
n - Swiftness             Chrm/Air       ##......     2%          2    None
p - Passwall              Tmut/Erth      ####......   1%          2    None
r - Irradiate             Conj/Tmut      ###.......   8%          5    #####..
y - Yara's Violent Unrav  Hex/Tmut       ###.......   8%          5    #####..
C - Controlled Blink      Tloc           N/A          8%          8    #######
D - Dispersal             Tloc           #####.....   1%          6    #######
S - Statue Form           Tmut/Erth      ####.....    6%          6    #######


Dungeon Overview and Level Annotations

Branches:
Dungeon (15/15)            Temple (1/1) D:7            Lair (6/6) D:8
  Swamp (4/4) Lair:2        Snake (4/4) Lair:4        Slime (5/5) Lair:6
    Orc (2/2) D:9             Elf (3/3) Orc:2        Vaults (5/5) D:14
  Crypt (3/3) Vaults:3       Tomb (3/3) Crypt:3      Depths (5/5) D:15
   Hell (1/1)                 Dis (7/7) Hell            Geh (7/7) Hell
    Coc (7/7) Hell            Tar (7/7) Hell            Zot (5/5) Depths:5

Altars:
Ashenzari
Cheibriados
Elyvilon
Kikubaaqudgha
Okawaru
Qazlal
Trog
Uskayaw
Vehumet
Xom
Yredelemnul
Zin
The Shining One
Beogh

Shops:
D:9 [[   D:14 %   Orc:2 [(=}*   Elf:2 =   Snake:1 *   Vaults:3 %   Depths:5 [*

Portals:
Hell: Depths:1 Depths:2 Depths:3 Depths:4 Depths:5
Abyss: Depths:2 Depths:4
Pandemonium: Depths:3 Depths:5
Ziggurat: Depths:1

Annotations:
Elf:2 5 runed doors
Depths:3 +2 GDA
Depths:4 eveningstar
Coc:4 11 runed doors


Innate Abilities, Weirdness & Mutations

You are too large for most types of armour.
((You have tough skin. (AC +1)))


Message History

The angel completely misses you. The angel hits you but does no damage.
The seraph gestures.
The seraph begins to accept its allies' injuries.
You feel much better.
You are engulfed in freezing vapours.
You resist.
* * * LOW HITPOINT WARNING * * *
The angel no longer looks unusually strong. x2
The wavering orb of destruction hits the angel.
The angel is blown up!
Koseosot is engulfed in freezing vapours.
The angel is engulfed in freezing vapours.
The angel misses you. The angel hits you but does no damage.
The seraph shouts a warning to its allies!
The angel is engulfed in freezing vapours.
The angel completely misses you. The angel hits you but does no damage.
Koseosot gestures at you.
Koseosot conjures a mighty blast of ice!
The great icy blast engulfs the daeva.
The daeva is flash-frozen.
The great icy blast engulfs the angel.
The angel is flash-frozen.
The great icy blast engulfs you! You partially resist.
You die...

.#....##.#....##.........####.#
....#.##.#.....#A......### #.#
##..#....##....#AA.....# #.#
#......<##.#X##.......# #.#
##.#######§'∩'A######## ####.#
#.#<..<#§§#A#XA# #....#
#.####.#.§§§§#A# ###.#### ###.#
#§.....&§A## #...# ...[#
####.§§§§8§# ##.### ###.#
#.#§###.#####....# #.##
#§#.#...§§.....(.# ###)[#
#§#§..##.§....##(# ..[..##
#.###.###....###†# ###...#
#..##..###..###.)# ..[.####
#.......######...##
.......####..##....# #.....#
.......#..........)# #.....#


You could see a seraph, Koseosot, 2 daevas, an angel, an Orb Guardian and a
cherub.

Vanquished Creatures
  Cerebov (Pan)
  Antaeus (Coc:7)
  Asmodeus (Geh:7)
  Ignacio (Pan)
  the Royal Jelly (Slime:5)
  Gloorx Vloq (Pan)
  Lom Lobon (Pan)
  Ereshkigal (Tar:7)
  the Serpent of Hell (Coc:7)
  Mnoleg (Pan)
  Tiamat (Zot:1)
  4 ancient liches
  Dispater (Dis:7)
  Khufu (Crypt:1)
  6 orbs of fire (Zot:5)
  Mennas (Pan)
  Mara (Crypt:1)
  4 juggernauts
  8 pandemonium lords
  21 greater mummies
  2 shard shrikes
  Boris (thrice) (Crypt:2 Crypt:3 Tomb:3)
  Sojobo (Crypt:3)
  Saint Roka (Depths:4)
  the Lernaean hydra (Swamp:4)
  Margery (Crypt:2)
  Xtahua (Crypt:2)
  3 Killer Klowns (Zot:5)
  2 curse toes (Zot:3)
  Geryon (Hell)
  6 caustic shrikes
  10 golden dragons
  Jory (Crypt:1)
  Nikola (Snake:2)
  10 bone dragons
  16 Tzitzimimeh
  4 electric golems
  11 doom hounds
  10 Brimstone Fiends
  7 Hell Sentinels
  Jorgrun (Elf:3)
  2 hellephants
  An iron giant (Dis:7)
  Rupert (Lair:4)
  27 Orb Guardians
  13 Ice Fiends
  3 quicksilver dragons
  26 tentacled monstrosities
  13 liches
  10 titans
  A deep elf blademaster (Elf:3)
  24 acid blobs
  3 deep elf master archers (Elf:3)
  19 Executioners
  5 death cobs
  12 sphinxes
  3 tentacled starspawn
  2 ancient champions (Tomb:2)
  Agnes (Snake:1)
  10 tengu reavers
  A thorn hunter (Swamp:1)
  3 draconian monks
  A revenant (Crypt:3)
  Donald (Crypt:1)
  23 shadow dragons
  16 storm dragons
  3 warmongers (Pan)
  29 large abominations
  A daeva (Depths:1)
  4 greater nagas
  16 fire giants
  18 azure jellies
  10 deep elf sorcerers
  An imperial myrmidon (Desolation)
  7 draconian knights
  22 frost giants
  Roxanne (Snake:1)
  4 draconian scorchers
  24 balrugs
  2 draconian shifters (Zot:4)
  10 iron dragons
  4 orc warlords
  8 draconian zealots
  9 curse skulls
  A ghost moth (Zot:4)
  15 vault wardens
  20 cacodemons
  4 deep elf elementalists
  15 ironheart preservers
  5 ghouls
  An angel (Depths:1)
  2 spriggan defenders (Depths:4)
  10 draconian annihilators
  61 reapers
  An elemental wellspring (Coc:7)
  6 war gargoyles
  54 very ugly things
  5 blood saints (Pan)
  21 stone giants
  8 draconian callers
  4 corrupters (Pan)
  5 deep elf demonologists
  2 chaos champions (Pan)
  2 entropy weavers
  12 deep elf annihilators
  8 black draconians
  Nessos (Lair:5)
  6 bennus
  5 green draconians
  12 yellow draconians
  14 lorocyprocas (Pan)
  7 vampire knights
  11 mottled draconians
  A halazid warlock (Desolation)
  3 black suns (Pan)
  9 red draconians
  6 purple draconians
  7 white draconians
  2 spark wasps
  2 ragged hierophants (Desolation)
  9 green deaths
  16 eidola
  14 ettins
  15 deep elf death magi
  2 jiangshi (Crypt:1)
  24 mummy priests
  The ghost of Hedron the Summoner, a journeyman DgSu (Lair:5)
  4 death oozes (Slime:5)
  12 blizzard demons
  3 quicksilver dragon zombies
  12 deep elf high priests
  2 servants of whispers (Desolation)
  Josephine (Lair:5)
  39 ice dragons
  23 fire dragons
  21 yaktaur captains
  A kraken zombie (Coc:6)
  Harold (Lair:2)
  13 great orbs of eyes
  42 vault guards
  5 hell beasts
  25 hydras
  8 monstrous demonspawn (Pan)
  Fannar (Lair:3)
  A peacekeeper (Desolation)
  7 naga warriors
  5 quicksilver dragon skeletons
  2 spriggan air magi (Depths:3)
  5 ghost crabs
  14 rakshasas
  12 centaur warriors
  5 anacondas
  A catoblepas (Lair:3)
  18 ogre magi
  11 deep troll earth magi
  19 hell hogs
  5 death knights
  6 alligators
  8 tengu warriors
  10 vampire magi
  75 death scarabs
  8 orc high priests
  6 deep troll shamans
  6 titan zombies
  Urug (D:14)
  14 dancing weapons
  3 shock serpents
  2 thrashing horrors
  2 shock serpents (shapeshifter)
  4 naga sharpshooters
  4 storm dragon zombies
  Sonja (Orc:2)
  38 sun demons
  22 soul eaters
  17 deep elf knights
  9 spriggan berserkers
  A titan skeleton (Pan)
  A fire crab (shapeshifter) (Vaults:3)
  24 hell knights
  7 iron golems
  Nergalle (Lair:3)
  2 wretched stars
  13 iron trolls
  21 sixfirhies
  A fire crab (Lair:6)
  80 skeletal warriors
  A spark wasp zombie (Hell)
  The ghost of George the Slasher, a novice VSFi of Okawaru (D:8)
  12 shadow wraiths
  2 death drakes
  5 golden dragon zombies
  2 death drakes (shapeshifter)
  3 unseen horrors
  2 tengu zombies
  A spatial maelstrom (Abyss:1)
  15 flayed ghosts
  7 storm dragon skeletons
  3 salamander mystics
  A sea snake (shapeshifter) (Vaults:5)
  The ghost of George the Ruffian, a novice TrBe of Trog (Bailey)
  11 giant orange brains
  A ghost moth zombie (Crypt:3)
  7 infernal demonspawn (Pan)
  7 gelid demonspawn (Pan)
  33 deep trolls
  A giant orange brain (shapeshifter) (Depths:4)
  5 putrid demonspawn (Pan)
  11 swamp dragons
  12 hill giants
  2 golden dragon skeletons
  9 wizards
  6 anaconda zombies
  10 anaconda skeletons
  21 shadow demons
  2 naga ritualists
  2 shambling mangroves (Swamp:2)
  10 deep elf archers
  A torturous demonspawn (Pan)
  24 phantasmal warriors
  14 ironbrand convokers
  2 shadow dragon zombies
  6 mana vipers
  20 necromancers
  An orb spider (Abyss:2)
  5 frost giant zombies
  2 harpies (shapeshifter)
  3 harpies (Depths:5)
  79 ugly things
  14 cyclopes
  4 shadow dragon skeletons
  A wolf spider zombie (Geh:5)
  7 fire giant zombies
  3 oklob plants
  6 stone giant zombies
  19 orc knights
  2 wolf spiders
  An iron dragon zombie (Coc:2)
  2 manticores
  7 orc sorcerers
  5 salamanders
  A faun (shapeshifter) (Depths:4)
  A sphinx skeleton (Vaults:3)
  87 slime creatures
  73 deep elf magi
  8 hornets
  7 griffons
  A hornet (shapeshifter) (Vaults:2)
  7 shining eyes
  27 moths of wrath
  5 fire giant skeletons
  16 naga magi
  7 stone giant skeletons
  3 worldbinders
  2 ice statues (Hell)
  4 frost giant skeletons
  2 guardian serpents (shapeshifter)
  28 black mambas
  5 iron dragon skeletons
  2 black mambas (shapeshifter)
  Maurice (Orc:1)
  4 dire elephant zombies
  7 elephants
  A shock serpent zombie (Dis:3)
  37 rust devils
  An octopode (shapeshifter) (Depths:5)
  16 vault sentinels
  19 smoke demons
  2 shock serpent skeletons
  2 torpor snails
  24 orange demons (Pan)
  3 molten gargoyles
  10 guardian serpents
  2 torpor snails (shapeshifter)
  3 centaur zombies
  2 apocalypse crabs
  19 spiny frogs
  5 eyes of devastation
  41 hellions
  2 mottled draconian zombies
  A rime drake (Lair:6)
  2 rime drakes (shapeshifter)
  6 komodo dragons
  4 kobold demonologists
  6 spectral swamp worms (Tar:7)
  A red draconian zombie (Crypt:3)
  A dire elephant skeleton (Crypt:3)
  39 tormentors
  15 demonic crawlers
  10 efreet
  33 freezing wraiths
  72 yaktaurs
  A catoblepas skeleton (Geh:2)
  29 ice devils
  A grey draconian skeleton (Crypt:1)
  3 harpy zombies
  46 guardian mummies
  A minotaur zombie (Dis:4)
  5 ancient zymes
  24 hellwings
  4 tengu conjurers
  5 hydra zombies
  6 jumping spiders (Crypt:3)
  4 silent spectres
  A meliai (shapeshifter) (Vaults:3)
  25 red devils
  A troll (shapeshifter) (Vaults:1)
  21 trolls
  A polar bear (Lair:6)
  17 two-headed ogres
  8 giant leeches
  19 bog bodies
  A death drake zombie (Crypt:2)
  A two-headed ogre (shapeshifter) (Depths:1)
  4 blink frogs
  21 saltlings (Desolation)
  2 tengu simulacra
  6 ettin zombies
  A harpy skeleton (Coc:3)
  28 raiju
  Prince Ribbit (D:7)
  3 spriggan zombies (Hell)
  6 boulder beetles
  8 hydra skeletons
  4 alligator zombies
  2 deep troll zombies (Hell)
  5 ice dragon zombies
  4 fire dragon skeletons
  13 redbacks
  3 ettin skeletons
  3 fire dragon zombies
  83 flying skulls
  A griffon skeleton (Crypt:2)
  A black mamba zombie (Tomb:3)
  4 ice dragon skeletons
  23 shadows
  A tarantella (shapeshifter) (Vaults:4)
  2 air elementals
  22 ynoxinuls
  17 spriggans
  9 water elementals
  Eustachio (D:5)
  A black mamba skeleton (Crypt:3)
  37 wraiths
  10 hogs
  4 alligator skeletons
  A hippogriff (shapeshifter) (D:14)
  A satyr skeleton (Crypt:1)
  72 yaks
  24 ushabtiu
  2 fire bats (Pan)
  A vampire (D:9)
  A wyvern (D:9)
  2 basilisks
  A human (D:7)
  2 golden eyes (Slime:5)
  6 small abominations
  16 chaos spawn
  23 fire elementals
  16 hippogriffs
  8 hungry ghosts
  A golden eye (shapeshifter) (Vaults:4)
  17 vampire mosquitoes
  14 neqoxecs
  A steam dragon (shapeshifter) (D:15)
  A steam dragon (D:10)
  42 nagas
  3 merfolk zombies
  A naga (shapeshifter) (Depths:3)
  3 mottled dragons
  The ghost of Ruebezahl the Skirmisher, an amateur GrCK of Xom (D:4)
  17 wargs
  A soldier ant (shapeshifter) (Vaults:1)
  A spatial vortex (Tar:7)
  A monstrous demonspawn zombie (Crypt:1)
  29 hell hounds
  A deep troll skeleton (Vaults:3)
  A giant eyeball (shapeshifter) (Vaults:3)
  15 porcupines
  21 swamp worms
  8 spiny frog zombies
  11 water moccasins
  3 giant eyeballs
  A spiny frog skeleton (Hell)
  Duvessa (D:7)
  71 orc warriors
  6 sky beasts
  7 ice beasts
  6 black bears
  A merfolk skeleton (Geh:7)
  12 swamp drakes
  2 ettin simulacra
  An ice dragon simulacrum (Tar:5)
  14 wasps
  A dream sheep zombie (Crypt:1)
  13 phantoms
  26 necrophages
  7 snapping turtle zombies
  A swamp dragon zombie (Dis:2)
  An alligator simulacrum (Crypt:2)
  9 eyes of draining
  A fire dragon simulacrum (Crypt:1)
  26 wolves
  13 boggarts
  An eye of draining (shapeshifter) (Vaults:3)
  66 ogres
  A manticore zombie (Dis:2)
  21 centaurs
  3 snapping turtle skeletons
  17 crocodiles
  The ghost of Ruebezahl the Skirmisher, an amateur GrCK of Xom (D:3)
  A fire crab zombie (Crypt:2)
  6 elf zombies
  4 big kobolds
  21 giant frogs
  2 earth elementals
  2 spiny frog simulacra
  A wyvern zombie (D:14)
  A gnoll sergeant (Orc:2)
  14 wyvern skeletons
  Dowan (D:7)
  A yak zombie (Crypt:1)
  5 scorpions
  A troll zombie (Tar:3)
  A water moccasin skeleton (D:9)
  35 wights
  6 killer bees (D:7)
  4 howler monkeys
  A spriggan skeleton (Crypt:2)
  2 electric eels (Elf:3)
  7 crimson imps
  3 giant frog zombies
  4 human zombies
  2 quasits
  25 starcursed masses
  3 hounds
  3 jellies
  A black bear zombie (Crypt:2)
  26 orc priests
  39 orc wizards
  28 iron imps
  2 giant frog skeletons
  2 hell rats (D:5)
  6 centaur skeletons
  13 iguanas
  A hell rat (shapeshifter) (Depths:3)
  4 human skeletons
  11 worker ants
  A naga zombie (Dis:7)
  A naga skeleton (Crypt:1)
  A crocodile skeleton (Crypt:2)
  52 mummies
  3 hound skeletons
  A worker ant zombie (D:10)
  14 adders
  16 gnolls
  54 river rats
  A howler monkey skeleton (D:7)
  13 shadow imps
  5 white imps
  An ufetubus (Abyss:2)
  An ooze (D:1)
  4 worms
  8 giant geckos
  147 orcs
  3 ball pythons
  4 bats
  5 giant cockroaches
  8 goblins
  4 hobgoblins
  10 jackals
  6 quokkas
  A dart slug zombie (Crypt:2)
  2 giant gecko skeletons (D:4)
  7 giant newts
  A gnoll skeleton (Crypt:1)
  20 kobolds
  2 kobold skeletons
  2 orc skeletons (D:15)
  23 rats
  A crawling corpse (Elf:3)
  A fire vortex (Pan)
  2 fungi
  2 plants
  A starspawn tentacle (Abyss:3)
  3 tentacles (Coc:6)
  4 withered plants (Crypt:3)
4767 creatures vanquished.

Vanquished Creatures (collateral kills)
  A deep elf blademaster (Elf:3)
  A deep elf master archer (Elf:3)
  Kirke (Swamp:2)
  A greater naga (Snake:4)
  Aizul (Snake:4)
  A deep elf sorcerer (Elf:3)
  A very ugly thing (Vaults:2)
  A deep elf annihilator (Elf:3)
  2 spark wasps (Depths:4)
  2 deep elf high priests (Elf:3)
  An alligator (Swamp:2)
  3 spriggans (Swamp:2)
  A skeletal warrior (Dis:3)
  An iron troll (Dis:3)
  An orc knight (Vaults:2)
  A deep elf mage (Elf:3)
  3 ugly things (D:14)
  A vault sentinel (Vaults:2)
  A rust devil (Dis:3)
  2 hellions (Dis:3)
  3 yaktaurs (Vaults:2)
  A tormentor (Dis:3)
  2 polar bears (D:14)
  A boulder beetle (Vaults:2)
  A slime creature (Slime:5)
  2 redbacks (Vaults:3)
  A fire elemental (Elf:3)
  3 vampire mosquitoes (Swamp:2)
  An orc warrior (D:14)
  2 wasps (Swamp:2)
  2 iron imps (Dis:3)
  3 orcs
49 creatures vanquished.

Vanquished Creatures (others)
  A lich (Tomb:2)
  2 eldritch tentacles
  2 revenants (Tomb:2)
  A vault warden (Vaults:5)
  An angel (D:14)
  An elemental wellspring (Coc:7)
  2 bennus (Tomb:2)
  An ettin (Depths:3)
  A blizzard demon (Hell)
  A yaktaur captain (Vaults:1)
  A hell hog (Geh:2)
  A titan zombie (Tomb:3)
  28 death scarabs (Tomb:2)
  A giant orange brain (Pan)
  A wizard (Vaults:2)
  A deep elf mage (Elf:2)
  A moth of wrath (Zot:5)
  4 yaktaurs
  A guardian mummy (Tomb:2)
  A slime creature (Swamp:4)
  3 flying skulls
  A shadow (Geh:2)
  A fire dragon skeleton (Tomb:3)
  A ynoxinul (Pan)
  A fire elemental (Geh:3)
  A mottled dragon (Vaults:1)
  A hell hound (Geh:6)
  An orc warrior (Vaults:2)
  3 boggarts (Depths:3)
  2 iron imps (Dis:7)
  A worker ant (D:8)
  8 mummies
  3 bushes (Lair:5)
  36 fungi
  3 lurking horrors
  15 plants
  4 starspawn tentacles (Abyss:3)
  4 tentacles (Coc:6)
  2 withered plants (Crypt:3)
144 creatures vanquished.

Grand Total: 4960 creatures vanquished

Notes
Turn   | Place    | Note
-------+----------+-------------------------------------------
     0 | D:1      | mopl the Ogre Wanderer began the quest for the Orb.
     0 | D:1      | mopl set off with: a wand of flame (15/48), a +0 falchion, a potion of lignification {!q}, a +0 robe, a +0 dagger, a bread ration
     0 | D:1      | Reached XP level 1. HP: 19/19 MP: 2/2
   305 | D:1      | Reached skill level 2 in Maces & Flails
   305 | D:1      | Reached XP level 2. HP: 28/28 MP: 3/3
   354 | D:1      | Reached skill level 2 in Fighting
   663 | D:2      | Reached skill level 1 in Throwing
   702 | D:3      | Reached XP level 3. HP: 8/36 MP: 4/4
   761 | D:3      | Noticed Ruebezahl's ghost (amateur GrCK)
  1234 | D:2      | Reached skill level 3 in Fighting
  1234 | D:2      | Reached skill level 3 in Maces & Flails
  1309 | D:2      | Reached XP level 4. HP: 28/45 MP: 5/5
  1993 | D:3      | Reached skill level 4 in Maces & Flails
  2085 | D:4      | Reached XP level 5. HP: 4/53 MP: 6/6
  2290 | D:4      | Found a glowing drain.
  2325 | Sewer    | Entered a sewer
  2357 | Sewer    | Reached skill level 2 in Throwing
  2425 | Sewer    | Noticed a big kobold
  2444 | Sewer    | Killed a big kobold
  2444 | Sewer    | Reached skill level 4 in Fighting
  2444 | Sewer    | Reached skill level 5 in Maces & Flails
  2601 | Sewer    | Reached XP level 6. HP: 58/62 MP: 7/7
  2708 | D:4      | Noticed Ruebezahl's ghost (amateur GrCK)
  2742 | D:5      | Entered Level 5 of the Dungeon
  2813 | D:5      | Noticed Eustachio
  2833 | D:5      | Killed Eustachio
  2833 | D:5      | Reached skill level 6 in Maces & Flails
  2927 | D:5      | Reached skill level 3 in Throwing
  3040 | D:5      | Noticed a sky beast
  3058 | D:5      | Killed a sky beast
  3058 | D:5      | Reached skill level 5 in Fighting
  3058 | D:5      | Reached XP level 7. HP: 72/72 MP: 8/8
  3647 | D:5      | Reached skill level 7 in Maces & Flails
  4026 | D:5      | Found an ancient bone altar of Kikubaaqudgha.
  4315 | D:5      | Reached skill level 8 in Maces & Flails
  4399 | D:5      | Reached skill level 4 in Throwing
  4405 | D:5      | Reached XP level 8. HP: 76/83 MP: 9/9
  4594 | D:6      | Reached skill level 6 in Fighting
  4752 | D:6      | Reached skill level 9 in Maces & Flails
  4952 | D:6      | Reached skill level 7 in Fighting
  5041 | D:6      | Reached skill level 10 in Maces & Flails
  5041 | D:6      | Reached skill level 5 in Throwing
  5131 | D:6      | Reached XP level 9. HP: 62/93 MP: 10/10
  5781 | D:7      | Noticed Duvessa
  5782 | D:7      | Noticed Dowan
  5800 | D:7      | Killed Dowan
  5806 | D:7      | Killed Duvessa
  5806 | D:7      | Reached skill level 8 in Fighting
  5929 | D:7      | Reached skill level 11 in Maces & Flails
  5939 | D:7      | Reached skill level 6 in Throwing
  6292 | D:7      | Reached skill level 12 in Maces & Flails
  6314 | D:7      | Reached skill level 9 in Fighting
  6757 | D:7      | Reached XP level 10. HP: 77/107 MP: 11/11
  7056 | D:7      | Found a staircase to the Ecumenical Temple.
  7058 | D:7      | Noticed Prince Ribbit
  7075 | D:7      | Killed Prince Ribbit
  7408 | D:8      | Noticed George's ghost (novice VSFi)
  7433 | Temple   | Entered the Ecumenical Temple
  7507 | Temple   | Became a worshipper of the Shining One
  7727 | D:3      | Found a shattered altar of Ashenzari.
  7916 | D:3      | Killed Ruebezahl's ghost
  7916 | D:3      | Reached skill level 7 in Throwing
  8336 | D:4      | Reached skill level 13 in Maces & Flails
  8606 | D:4      | Killed Ruebezahl's ghost
  8875 | D:8      | Killed George's ghost
  8875 | D:8      | Reached skill level 10 in Fighting
  9043 | D:8      | Found a staircase to the Lair.
  9320 | D:8      | Found a stormy altar of Qazlal.
  9689 | D:9      | Found Tauhuasu's Armour Emporium.
  9690 | D:9      | Found a staircase to the Orcish Mines.
  9756 | D:9      | Reached * piety under the Shining One
  9979 | D:9      | Reached skill level 14 in Maces & Flails
 10096 | D:9      | Found Suetagip's Antique Armour Shoppe.
 10109 | D:9      | Bought a heavy robe for 171 gold pieces
 10123 | D:9      | Identified the +1 robe of Weightlessness {+Fly Int+2} (You bought it in a shop on level 9 of the Dungeon)
 10204 | D:9      | Noticed a kobold demonologist
 10225 | D:9      | Noticed a sixfirhy
 10229 | D:9      | Killed a kobold demonologist
 10450 | D:9      | Reached skill level 8 in Throwing
 10488 | D:9      | Reached XP level 11. HP: 109/119 MP: 12/12
 10798 | D:10     | Entered Level 10 of the Dungeon
 10907 | D:10     | Found a flagged portal.
 10943 | Bailey   | Entered a bailey
 10943 | Bailey   | Noticed George's ghost (novice TrBe)
 10952 | Bailey   | Killed George's ghost
 10952 | Bailey   | Reached skill level 11 in Fighting
 11676 | Bailey   | Reached skill level 15 in Maces & Flails
 11890 | Bailey   | Reached skill level 12 in Throwing
 11890 | Bailey   | Reached XP level 12. HP: 130/130 MP: 13/13
 12130 | D:10     | Reached ** piety under the Shining One
 12164 | D:10     | Reached skill level 1 in Invocations
 12232 | D:10     | Found a shattered altar of Ashenzari.
 12706 | Lair:1   | Entered Level 1 of the Lair of Beasts
 12784 | Lair:1   | Reached skill level 2 in Invocations
 12961 | Lair:1   | Reached skill level 3 in Invocations
 13196 | Lair:1   | Reached skill level 12 in Fighting
 13210 | Lair:1   | Noticed an eight-headed hydra
 13294 | Lair:1   | Reached skill level 16 in Maces & Flails
 13574 | Lair:1   | Killed an eight-headed hydra
 13574 | Lair:1   | Reached skill level 4 in Invocations
 13739 | Lair:1   | Reached XP level 13. HP: 141/141 MP: 16/16
 13897 | Lair:2   | Noticed Harold
 13912 | Lair:2   | Killed Harold
 14166 | Lair:2   | Identified a scroll of acquirement
 14168 | Lair:2   | Got a crude robe
 14179 | Lair:2   | Identified the +1 robe of Servitude {rElec rC+ Regen+ Int-2} (You acquired it on level 2 of the Lair of Beasts)
 14423 | Lair:2   | Found a staircase to the Swamp.
 14449 | Lair:2   | Reached skill level 17 in Maces & Flails
 14747 | Lair:3   | Noticed Nergalle
 14760 | Lair:3   | Killed Nergalle
 14760 | Lair:3   | Reached skill level 5 in Invocations
 14907 | Lair:3   | Reached skill level 13 in Fighting
 15196 | Lair:3   | Reached *** piety under the Shining One
 15628 | Lair:3   | Noticed Fannar
 15656 | Lair:3   | Killed Fannar
 16056 | Lair:3   | Reached skill level 6 in Invocations
 16280 | Lair:4   | Noticed Rupert
 16649 | Lair:5   | Noticed Nessos
 16668 | Lair:5   | Killed Nessos
 16668 | Lair:5   | Reached skill level 18 in Maces & Flails
 16758 | Lair:5   | Noticed Josephine
 16778 | Lair:5   | Killed Josephine
 16941 | Lair:5   | Reached skill level 7 in Invocations
 16941 | Lair:5   | Reached XP level 14. HP: 49/153 MP: 19/19
 17393 | Lair:5   | Reached skill level 13 in Throwing
 17617 | Lair:5   | Noticed Hedron's ghost (journeyman DgSu)
 17617 | Lair:5   | Reached **** piety under the Shining One
 17649 | Lair:5   | Killed Hedron's ghost
 17963 | Lair:4   | Found a staircase to the Snake Pit.
 18250 | Lair:5   | Reached skill level 14 in Fighting
 18493 | Lair:5   | Reached skill level 8 in Invocations
 18782 | Lair:6   | Entered Level 6 of the Lair of Beasts
 18801 | Lair:6   | Found a staircase to the Slime Pits.
 19273 | Lair:6   | Reached skill level 19 in Maces & Flails
 19482 | Lair:6   | Paralysed by a wasp for 2 turns
 19613 | Lair:6   | HP: 1/157 [spriggan rider/spear of venom (16)]
 20152 | Lair:6   | Reached ***** piety under the Shining One
 20844 | Orc:1    | Entered Level 1 of the Orcish Mines
 20933 | Orc:1    | Reached skill level 9 in Invocations
 20983 | Orc:1    | Found a roughly hewn altar of Beogh.
 21109 | Orc:2    | Entered Level 2 of the Orcish Mines
 21109 | Orc:2    | Found Feuteli's Antique Armour Emporium.
 21109 | Orc:2    | Noticed Maurice
 21133 | Orc:1    | Killed Maurice
 21133 | Orc:1    | Reached XP level 15. HP: 130/165 MP: 21/21
 21458 | Orc:2    | Found a staircase to the Elven Halls.
 21680 | Orc:2    | Noticed an orc warlord
 21680 | Orc:2    | Reached skill level 15 in Fighting
 22045 | Orc:2    | Reached skill level 20 in Maces & Flails
 22058 | Orc:2    | Found Udou's Antique Weapon Shop.
 22185 | Orc:2    | Gained mutation: Potions and wands are less effective at restoring your health. [a neqoxec]
 22302 | Orc:2    | Killed an orc warlord
 22394 | Orc:2    | Noticed Sonja
 22410 | Orc:2    | Killed Sonja
 22619 | Orc:2    | Noticed an orc warlord
 22673 | Orc:2    | Killed an orc warlord
 22790 | Orc:2    | Found Hafischei's General Store.
 23110 | Orc:2    | Reached skill level 14 in Throwing
 23292 | Orc:2    | Found Imirri's Gadget Shop.
 23483 | Orc:2    | Found Zupuodop's Jewellery Boutique.
 23529 | Orc:2    | Reached skill level 10 in Invocations
 23576 | Orc:2    | Bought the ring "Loestrou" {rF+ rC+ rN+ Int+2} for 723 gold pieces
 24446 | D:11     | Reached ****** piety under the Shining One
 24766 | D:12     | Reached skill level 21 in Maces & Flails
 24916 | D:12     | You fall through a shaft for 2 floors!
 24958 | D:14     | Found a gate to the Vaults.
 25039 | D:14     | Reached XP level 16. HP: 178/179 MP: 23/23
 25121 | D:14     | Found a bloodstained altar of Trog.
 25142 | D:14     | Found Atutz's Food Emporium.
 25485 | D:12     | Reached skill level 16 in Fighting
 27058 | D:14     | Noticed Urug
 27062 | D:14     | Killed Urug
 27062 | D:14     | Reached skill level 11 in Invocations
 27117 | D:14     | Found a shimmering altar of Xom.
 27437 | D:15     | Entered Level 15 of the Dungeon
 28112 | D:15     | Found a staircase to the Depths.
 28441 | D:15     | Found a basalt altar of Yredelemnul.
 28809 | Swamp:1  | Entered Level 1 of the Swamp
 28964 | Swamp:1  | Noticed a thorn hunter
 28974 | Swamp:1  | Killed a thorn hunter
 28974 | Swamp:1  | Reached skill level 22 in Maces & Flails
 29868 | Swamp:1  | Reached skill level 15 in Throwing
 29998 | Swamp:1  | Paralysed by a hornet for 2 turns
 30004 | Swamp:1  | Paralysed by a hornet for 2 turns
 30353 | Swamp:2  | Paralysed by a hornet for 1 turns
 30419 | Swamp:2  | Reached skill level 2 in Evocations
 30603 | Swamp:2  | Reached XP level 17. HP: 156/189 MP: 25/25
 30749 | Swamp:2  | Paralysed by a hornet for 3 turns
 30930 | Swamp:2  | Noticed Kirke
 30942 | Swamp:2  | Killed Kirke
 31192 | Swamp:2  | Learned a level 1 spell: Apportation
 31195 | Swamp:2  | Learned a level 2 spell: Blink
 31200 | Swamp:2  | Learned a level 4 spell: Passage of Golubria
 31204 | Swamp:2  | Learned a level 3 spell: Portal Projectile
 31485 | Swamp:3  | Reached skill level 2 in Dodging
 31607 | Swamp:3  | Reached skill level 1 in Translocations
 32151 | Swamp:4  | Entered Level 4 of the Swamp
 32255 | Swamp:3  | Reached skill level 17 in Fighting
 32327 | Swamp:4  | Reached skill level 12 in Invocations
 32327 | Swamp:4  | Reached skill level 3 in Evocations
 32727 | Swamp:4  | Reached skill level 2 in Translocations
 32995 | Swamp:4  | Reached skill level 3 in Dodging
 33378 | Swamp:4  | Reached skill level 3 in Translocations
 33488 | Swamp:4  | Learned a level 6 spell: Statue Form
 33501 | Swamp:4  | Noticed the 27-headed Lernaean hydra
 33509 | Swamp:4  | Killed the 27-headed Lernaean hydra
 33509 | Swamp:4  | Reached skill level 4 in Dodging
 33563 | Swamp:4  | Got a decaying rune of Zot
 33872 | Snake:1  | Entered Level 1 of the Snake Pit
 33925 | Snake:1  | Reached skill level 23 in Maces & Flails
 34230 | Snake:1  | Gained mutation: Your system is resistant to poisons. (rPois) [potion of beneficial mutation]
 34473 | Snake:1  | Reached skill level 4 in Translocations
 34563 | Snake:1  | Reached XP level 18. HP: 193/201 MP: 27/27
 34576 | Snake:1  | Noticed Roxanne
 34585 | Snake:1  | Killed Roxanne
 34592 | Snake:1  | Identified Roxanne's Volume of Transformation (You took it off Roxanne on level 1 of the Snake Pit)
 34594 | Snake:1  | Found Towutuk's Tempting Trifles.
 34606 | Snake:1  | Bought 2 scrolls of teleportation for 102 gold pieces
 34608 | Snake:1  | Bought a cursed ring of teleportation for 76 gold pieces
 34728 | Snake:1  | Noticed Agnes
 34741 | Snake:1  | Killed Agnes
 35030 | Snake:2  | Noticed Nikola
 35680 | Snake:2  | Killed Nikola
 35680 | Snake:2  | Reached skill level 5 in Dodging
 36035 | Snake:3  | Reached skill level 5 in Translocations
 36925 | Snake:4  | Entered Level 4 of the Snake Pit
 37177 | Snake:4  | Reached skill level 13 in Invocations
 37329 | Snake:4  | Reached skill level 6 in Dodging
 37428 | Snake:4  | Noticed Aizul
 37461 | Snake:4  | Got a serpentine rune of Zot
 37476 | Snake:4  | Killed Aizul
 37476 | Snake:4  | Reached skill level 18 in Fighting
 37809 | Elf:1    | Entered Level 1 of the Elven Halls
 37888 | Elf:1    | Found a ruined gateway.
 37893 | Desolati | Entered the Desolation of Salt
 38006 | Desolati | Reached skill level 6 in Translocations
 38055 | Desolati | Reached skill level 24 in Maces & Flails
 38113 | Desolati | Reached skill level 1 in Earth Magic
 38115 | Desolati | Reached XP level 19. HP: 47/211 MP: 28/28
 38136 | Desolati | HP: 13/316 [ragged hierophant/a resonance strike (16)]
 38343 | Elf:1    | Learned a level 1 spell: Summon Butterflies
 38398 | Elf:1    | Reached skill level 1 in Transmutations
 38596 | Elf:1    | Reached skill level 2 in Earth Magic
 38621 | Elf:1    | Reached skill level 2 in Transmutations
 38860 | Elf:1    | Identified the Collected Works on the Escort
 39438 | Elf:1    | Reached skill level 3 in Transmutations
 39438 | Elf:1    | Reached skill level 3 in Earth Magic
 39847 | Elf:2    | Reached skill level 7 in Translocations
 39924 | Elf:1    | Reached skill level 1 in Spellcasting
 40272 | Elf:2    | Found Houhyux's Jewellery Shoppe.
 40281 | Elf:2    | Bought the amulet "Foxepreb" {Regen+ Dex+4} for 908 gold pieces
 40310 | Elf:2    | Found a huge runed gate.
 40310 | Elf:2    | Found a huge runed gate.
 40310 | Elf:2    | Found a huge runed gate.
 40318 | Elf:2    | Found a huge runed gate.
 40318 | Elf:2    | Found a huge runed gate.
 40483 | Elf:2    | Reached skill level 2 in Spellcasting
 40490 | Elf:2    | Learned a level 5 spell: Irradiate
 40732 | Elf:3    | Entered Level 3 of the Elven Halls
 40757 | Elf:3    | Found an ancient bone altar of Kikubaaqudgha.
 40789 | Elf:3    | Reached skill level 7 in Dodging
 41056 | Elf:3    | Reached skill level 4 in Transmutations
 41056 | Elf:3    | Reached skill level 4 in Earth Magic
 41143 | Elf:3    | Noticed Jorgrun
 41151 | Elf:3    | Killed Jorgrun
 41815 | Elf:3    | Reached XP level 20. HP: 207/223 MP: 24/29
 41848 | Elf:3    | Reached skill level 3 in Spellcasting
 41963 | Elf:3    | Reached skill level 5 in Transmutations
 41970 | Elf:3    | Reached skill level 5 in Earth Magic
 42142 | Elf:3    | Reached skill level 8 in Translocations
 42293 | Elf:3    | Got a crystal spear {elec}
 42306 | Elf:3    | Identified the cursed +2 spear of Valiance {elec, rF++} (You took it off a deep elf annihilator on level 3 of the Elven Halls)
 42480 | Elf:3    | Reached skill level 4 in Spellcasting
 42650 | Elf:3    | Identified the Reference Book on Creative Attacks
 42749 | Elf:3    | Learned a level 2 spell: Repel Missiles
 42762 | Elf:3    | Got a jewelled rapier {pierce}
 42768 | Elf:3    | Identified the +10 rapier of Animal Spirits {pierce, rElec rC+} (You took it off a deep elf death mage on level 3 of the Elven Halls)
 43487 | Vaults:1 | Entered Level 1 of the Vaults
 43517 | Vaults:1 | Reached skill level 8 in Dodging
 43522 | Vaults:1 | Reached skill level 6 in Transmutations
 43918 | Vaults:1 | Reached skill level 19 in Fighting
 44071 | Vaults:1 | Reached skill level 6 in Earth Magic
 44858 | Vaults:1 | Reached XP level 21. HP: 110/234 MP: 28/30
 44864 | Vaults:1 | Reached skill level 5 in Spellcasting
 45239 | Vaults:2 | Reached skill level 7 in Transmutations
 45567 | Vaults:2 | Reached skill level 9 in Translocations
 46097 | Vaults:2 | Reached skill level 7 in Earth Magic
 46645 | Vaults:2 | Reached skill level 6 in Spellcasting
 47365 | Vaults:3 | Reached skill level 9 in Dodging
 47425 | Vaults:3 | Found a staircase to the Crypt.
 47845 | Vaults:3 | Cast into level 2 of the Abyss (a deep elf sorcerer)
 47886 | Abyss:2  | Reached skill level 1 in Charms
 47886 | Abyss:2  | Reached skill level 8 in Transmutations
 47925 | Vaults:3 | Escaped the Abyss
 47927 | Vaults:3 | Reached skill level 1 in Air Magic
 47974 | Vaults:2 | Reached XP level 22. HP: 205/245 MP: 31/31
 48152 | Vaults:3 | Reached skill level 10 in Translocations
 48462 | Vaults:3 | Reached skill level 8 in Earth Magic
 48816 | Vaults:3 | Found Obiomiuj's Food Emporium.
 49008 | Vaults:3 | Paralysed by a giant eyeball for 2 turns
 49193 | Vaults:3 | Reached skill level 2 in Air Magic
 49309 | Vaults:3 | Reached skill level 2 in Charms
 50456 | Vaults:3 | Got a warped great sword
 50457 | Vaults:3 | Identified the +1 great sword of the Mushroom {freeze, Str+6} (You found it on level 3 of the Vaults)
 50841 | Vaults:4 | Found a hide-covered altar of Uskayaw.
 51059 | Vaults:4 | Reached skill level 20 in Fighting
 51064 | Vaults:4 | Reached skill level 9 in Transmutations
 51368 | Vaults:4 | Reached skill level 3 in Air Magic
 51370 | Vaults:4 | Reached skill level 3 in Charms
 51516 | Vaults:4 | Reached skill level 9 in Earth Magic
 52256 | Depths:1 | Entered Level 1 of the Depths
 52737 | Depths:1 | Reached XP level 23. HP: 200/254 MP: 32/32
 52769 | Depths:1 | Reached skill level 10 in Dodging
 53273 | Depths:1 | Found a gateway to a ziggurat.
 53677 | Depths:1 | Found a gateway to Hell.
 54165 | Depths:2 | Found a one-way gate to the infinite horrors of the Abyss.
 54207 | Depths:2 | Reached skill level 4 in Air Magic
 54372 | Depths:2 | Reached skill level 10 in Transmutations
 55311 | Lair:4   | Killed Rupert
 55758 | Depths:3 | Reached skill level 10 in Earth Magic
 55773 | Depths:3 | Reached skill level 4 in Charms
 55990 | Depths:3 | Found a flickering gateway to a bazaar.
 55999 | Bazaar   | Entered a bazaar
 56000 | Bazaar   | Found Utsoig's Distillery.
 56006 | Bazaar   | Found Wighaemp's Book Shoppe.
 56014 | Bazaar   | Found Niumu's Antique Weapon Shoppe.
 56022 | Bazaar   | Found Qaofroishryi's Antique Armour Shop.
 56030 | Bazaar   | Found Qekhlytto's Antique Weapon Shop.
 56068 | Bazaar   | Bought a potion of curing for 36 gold pieces
 56068 | Bazaar   | Bought a potion of lignification for 36 gold pieces
 56068 | Bazaar   | Bought a potion of cancellation for 96 gold pieces
 56068 | Bazaar   | Bought a potion of heal wounds for 60 gold pieces
 56068 | Bazaar   | Bought a potion of might for 48 gold pieces
 56068 | Bazaar   | Bought 2 potions of might for 96 gold pieces
 56068 | Bazaar   | Bought a potion of haste for 120 gold pieces
 56068 | Bazaar   | Bought a potion of lignification for 36 gold pieces
 56068 | Bazaar   | Bought a potion of berserk rage for 60 gold pieces
 56070 | Bazaar   | Bought a potion of brilliance for 48 gold pieces
 56078 | Bazaar   | Bought a book of the Warp for 990 gold pieces
 56085 | Bazaar   | Learned a level 6 spell: Dispersal
 56361 | Depths:3 | Noticed a caustic shrike
 56369 | Depths:3 | Killed a caustic shrike
 56975 | Depths:3 | Reached skill level 7 in Spellcasting
 57077 | Depths:3 | Noticed a caustic shrike
 57086 | Depths:3 | Killed a caustic shrike
 57298 | Depths:3 | Reached XP level 24. HP: 211/265 MP: 32/33
 57431 | Depths:3 | Found a one-way gate leading to the halls of Pandemonium.
 58089 | Depths:3 | Reached skill level 11 in Transmutations
 58095 | Depths:3 | Reached skill level 16 in Throwing
 58286 | Depths:3 | Identified Sif Muna's Volume of Unstable Earth
 58365 | Depths:3 | Noticed a caustic shrike
 58377 | Depths:3 | Killed a caustic shrike
 58566 | Depths:3 | Reached skill level 11 in Earth Magic
 58644 | Depths:3 | Reached skill level 8 in Spellcasting
 58755 | Depths:3 | Reached skill level 11 in Dodging
 58894 | Depths:3 | Noticed a juggernaut
 58912 | Depths:3 | Killed a juggernaut
 59828 | Depths:3 | Reached skill level 9 in Spellcasting
 60580 | Depths:3 | Identified a +0 rod of inaccuracy (10/10) (You found it on level 3 of the Depths)
 61014 | Depths:4 | Noticed a caustic shrike
 61019 | Depths:4 | Killed a caustic shrike
 61043 | Depths:4 | Reached XP level 25. HP: 251/273 MP: 36/36
 61066 | Depths:4 | Reached skill level 12 in Earth Magic
 61097 | Depths:4 | Reached skill level 12 in Transmutations
 61583 | Depths:5 | Entered Level 5 of the Depths
 62144 | Depths:5 | Found Taecedgh's Armour Emporium.
 62175 | Depths:5 | Bought a +1 hat of magic resistance for 288 gold pieces
 62229 | Depths:5 | Reached skill level 10 in Spellcasting
 62396 | Depths:5 | Got a slimy wooden ring
 62397 | Depths:5 | Identified the ring of Xioh {*Confuse +Fly MP+9 Int+2} (You took it off a vampire mage on level 5 of the Depths)
 62771 | Depths:5 | Noticed a juggernaut
 62785 | Depths:4 | Killed a juggernaut
 63369 | Depths:5 | Noticed Saint Roka
 63529 | Depths:4 | Killed Saint Roka
 63529 | Depths:4 | Reached skill level 17 in Throwing
 63891 | Depths:5 | Reached skill level 12 in Dodging
 63963 | Depths:5 | Identified the ring of the Princeling {rElec Slay+5 Stlth+} (You took it off an orc warrior on level 5 of the Depths)
 64050 | Depths:5 | Noticed a juggernaut
 64115 | Depths:5 | Killed a juggernaut
 64344 | Depths:5 | Identified the ring of Ru's Indignation {rF+ rN+ Str-5 Dex+4} (You found it on level 5 of the Depths)
 64514 | Depths:5 | Noticed a juggernaut
 64525 | Depths:5 | Killed a juggernaut
 64525 | Depths:5 | Reached skill level 13 in Transmutations
 64525 | Depths:5 | Reached skill level 13 in Earth Magic
 64675 | Depths:5 | Found a gate to the Realm of Zot.
 64769 | Depths:5 | Reached XP level 26. HP: 275/283 MP: 37/37
 64933 | Depths:5 | Found Taghahun's General Store.
 64944 | Depths:5 | Bought a meat ration for 80 gold pieces
 64944 | Depths:5 | Bought a potion of lignification for 48 gold pieces
 64944 | Depths:5 | Bought a meat ration for 80 gold pieces
 64944 | Depths:5 | Bought a meat ration for 80 gold pieces
 64944 | Depths:5 | Bought a potion of flight for 48 gold pieces
 65283 | Slime:1  | Entered Level 1 of the Pits of Slime
 65640 | Slime:1  | Gained mutation: Your spells are a little easier to cast, but a little less powerful. [a shining eye]
 65642 | Slime:1  | Gained mutation: You are frail. (-10% HP) [a shining eye]
 66266 | Slime:4  | Gained mutation: You tend to lose your temper in combat. [a shining eye]
 66857 | Slime:5  | Entered Level 5 of the Pits of Slime
 66906 | Slime:5  | Gained mutation: Scrolls take you a little longer to read. [a shining eye]
 67157 | Slime:5  | Noticed the Royal Jelly
 67190 | Slime:5  | Killed the Royal Jelly
 67873 | Slime:5  | Got a scintillating jade ring
 67886 | Slime:5  | Identified the ring of Uraeruq {rCorr Int+4 SInv} (You found it on level 5 of the Pits of Slime)
 67901 | Slime:5  | Got a slimy rune of Zot
 67909 | Slime:5  | Learned a level 5 spell: Yara's Violent Unravelling
 67917 | Slime:5  | Identified the Volume of Weightlessness and Cold
 67965 | Slime:5  | Identified the +0 hat "Wenuerao" {Str+5 Int+6} (You found it on level 5 of the Pits of Slime)
 67972 | Slime:5  | Learned a level 2 spell: Swiftness
 68030 | Slime:5  | Identified Ygrem's Disquisition on Boosts and Flight
 68035 | Slime:5  | Learned a level 3 spell: Spectral Weapon
 68200 | Lair:1   | Lost mutation: You are frail. (-10% HP) [potion of cure mutation]
 68200 | Lair:1   | Lost mutation: Your system is resistant to poisons. (rPois) [potion of cure mutation]
 68200 | Lair:1   | Lost mutation: Scrolls take you a little longer to read. [potion of cure mutation]
 68200 | Lair:1   | Lost mutation: You tend to lose your temper in combat. [potion of cure mutation]
 68200 | Lair:1   | Lost mutation: Your spells are a little easier to cast, but a little less powerful. [potion of cure mutation]
 68200 | Lair:1   | Lost mutation: Potions and wands are less effective at restoring your health. [potion of cure mutation]
 68425 | Crypt:1  | Entered Level 1 of the Crypt
 68504 | Vaults:4 | Reached skill level 14 in Transmutations
 68538 | Vaults:5 | Entered Level 5 of the Vaults
 68577 | Vaults:4 | Reached skill level 13 in Dodging
 68584 | Vaults:4 | Reached skill level 14 in Earth Magic
 68800 | Vaults:4 | Reached skill level 1 in Hexes
 68807 | Vaults:4 | Reached skill level 1 in Conjurations
 69173 | Vaults:5 | Reached skill level 2 in Hexes
 69176 | Vaults:5 | Reached skill level 2 in Conjurations
 69238 | Vaults:5 | Reached skill level 18 in Throwing
 69379 | Vaults:5 | Reached XP level 27. HP: 291/291 MP: 35/37
 69494 | Vaults:5 | Reached skill level 3 in Hexes
 69509 | Vaults:5 | Reached skill level 3 in Conjurations
 69736 | Vaults:5 | Reached skill level 4 in Hexes
 69752 | Vaults:5 | Got a twitching amber ring
 69766 | Vaults:5 | Identified the ring "Tyeklot" {*Contam rPois MP+9 Dex+3} (You took it off an entropy weaver on level 5 of the Vaults)
 69809 | Vaults:5 | Got a silver rune of Zot
 69846 | Vaults:5 | Reached skill level 4 in Conjurations
 70054 | Vaults:5 | Reached skill level 14 in Dodging
 70156 | Vaults:5 | Identified the Catalogue of Supportive Poisoning
 70283 | Vaults:5 | Reached skill level 5 in Hexes
 70357 | Vaults:5 | Reached skill level 5 in Conjurations
 71686 | Zot:1    | Entered Level 1 of the Realm of Zot
 71748 | Zot:1    | Noticed Tiamat
 71801 | Zot:1    | Killed Tiamat
 72277 | Zot:1    | Reached skill level 11 in Spellcasting
 72362 | Zot:1    | Reached skill level 19 in Throwing
 72633 | Zot:1    | Reached skill level 14 in Invocations
 73698 | Zot:2    | Reached skill level 15 in Dodging
 73876 | Zot:3    | Reached skill level 12 in Spellcasting
 73930 | Zot:3    | Reached skill level 11 in Translocations
 74768 | Zot:4    | Reached skill level 15 in Invocations
 75885 | Zot:4    | Identified the +1 robe of Anaesthesia {rPois rN+ MP-9 Str+6} (You found it on level 4 of the Realm of Zot)
 76026 | Zot:5    | Entered Level 5 of the Realm of Zot
 76482 | Zot:5    | Reached skill level 21 in Fighting
 76788 | Zot:5    | Noticed an ancient lich
 76800 | Zot:5    | Killed an ancient lich
 76959 | Zot:5    | Noticed an orb of fire
 76986 | Zot:5    | Reached skill level 20 in Throwing
 77002 | Zot:5    | Noticed an orb of fire
 77004 | Zot:5    | Gained mutation: You possess an exceptional clarity of mind. [an orb of fire]
 77007 | Zot:5    | Gained mutation: Your movements are slightly less encumbered by armour. (ER -2) [an orb of fire]
 77011 | Zot:5    | Killed an orb of fire
 77011 | Zot:5    | Reached skill level 16 in Dodging
 77383 | Lair:1   | Identified a +9 giant spiked club of holy wrath {harambe} (a +7 giant spiked club of flaming {harambe} blessed by the Shining One)
 77383 | Lair:1   | Received a gift from the Shining One
 77639 | Crypt:1  | Noticed Donald
 77644 | Crypt:1  | Killed Donald
 77645 | Crypt:1  | Noticed Jory
 77649 | Crypt:1  | Killed Jory
 77701 | Crypt:1  | Noticed Mara
 77716 | Crypt:1  | Noticed mopl's illusion
 77723 | Crypt:1  | Killed Mara
 77723 | Crypt:1  | Reached skill level 12 in Translocations
 77723 | Crypt:1  | Reached skill level 16 in Invocations
 77880 | Crypt:1  | Noticed Khufu
 77884 | Crypt:1  | Noticed a greater mummy
 77890 | Crypt:1  | Killed Khufu
 77940 | Crypt:1  | Killed a greater mummy
 78459 | Crypt:2  | Noticed Margery
 78467 | Crypt:2  | Noticed Boris
 78471 | Crypt:2  | Killed Margery
 78475 | Crypt:2  | Killed Boris
 78544 | Crypt:2  | Noticed Xtahua
 78552 | Crypt:2  | Killed Xtahua
 79101 | Crypt:3  | Entered Level 3 of the Crypt
 79424 | Crypt:3  | Noticed Sojobo
 79436 | Crypt:3  | Noticed Boris
 79458 | Crypt:3  | Killed Boris
 79458 | Crypt:3  | Reached skill level 22 in Fighting
 79479 | Crypt:3  | Killed Sojobo
 79516 | Crypt:3  | Found an ancient bone altar of Kikubaaqudgha.
 80213 | Crypt:3  | Noticed an ancient lich
 80220 | Crypt:3  | Killed an ancient lich
 80289 | Crypt:3  | Reached skill level 17 in Invocations
 80447 | Crypt:3  | Found a staircase to the Tomb.
 80997 | Hell     | Entered the Vestibule of Hell
 80997 | Hell     | Noticed Geryon
 81182 | Hell     | Killed Geryon
 81182 | Hell     | Reached skill level 17 in Dodging
 81483 | Lair:1   | Learned a level 8 spell: Controlled Blink
 81781 | Pan      | Entered Pandemonium
 81815 | Pan      | Reached skill level 13 in Spellcasting
 81858 | Pan      | Found an exit through the horrors of the Abyss.
 81915 | Pan      | Reached skill level 21 in Throwing
 81915 | Pan      | Reached skill level 13 in Translocations
 81973 | Pan      | Took an exit into the Abyss.
 81973 | Abyss:1  | Escaped into the Abyss
 82210 | Abyss:2  | Found a hide-covered altar of Uskayaw.
 82438 | Depths:3 | Escaped the Abyss
 82450 | Pan      | Entered Pandemonium
 83162 | Pan      | Noticed Tuneh the pandemonium lord
 83194 | Pan      | Killed Tuneh the pandemonium lord
 83344 | Pan      | Noticed Gejakh the pandemonium lord
 83351 | Pan      | Killed Gejakh the pandemonium lord
 83432 | Pan      | Got a demonic rune of Zot
 83436 | Pan      | Gained mutation: You are partially covered in yellow scales. (AC +2) [potion of beneficial mutation]
 83490 | Pan      | Identified the amulet "Yquerumy" {*Corrode +Rage +Inv Dex+4} (You found it in Pandemonium)
 83597 | Pan      | Found an exit through the horrors of the Abyss.
 83626 | Pan      | Reached skill level 23 in Fighting
 83787 | Pan      | Noticed Piwk the pandemonium lord
 83799 | Pan      | Gained mutation: Your magical capacity is low. (-10% MP) [a cacodemon]
 83800 | Pan      | Killed Piwk the pandemonium lord
 83805 | Pan      | Reached skill level 14 in Translocations
 83835 | Pan      | Entered the realm of Lom Lobon.
 83994 | Pan      | Reached skill level 18 in Invocations
 84018 | Pan      | Noticed Lom Lobon
 84041 | Pan      | Killed Lom Lobon
 84054 | Pan      | Got a magical rune of Zot
 84131 | Pan      | Found an exit through the horrors of the Abyss.
 84175 | Pan      | Entered the realm of Gloorx Vloq.
 84439 | Pan      | Noticed Gloorx Vloq
 84443 | Pan      | Killed Gloorx Vloq
 84453 | Pan      | Got a dark rune of Zot
 84495 | Pan      | Noticed Peicoucs the pandemonium lord
 84502 | Pan      | Reached skill level 18 in Dodging
 84518 | Pan      | Gained mutation: Your spells are a little easier to cast, but a little less powerful. [a cacodemon]
 84574 | Pan      | Found an exit through the horrors of the Abyss.
 84591 | Pan      | Found an exit through the horrors of the Abyss.
 85055 | Pan      | Noticed Toxkavot the pandemonium lord
 85060 | Pan      | Killed Toxkavot the pandemonium lord
 85079 | Pan      | Reached skill level 15 in Translocations
 85125 | Pan      | Noticed Ceny the pandemonium lord
 85133 | Pan      | Killed Ceny the pandemonium lord
 85185 | Pan      | Entered the realm of Mnoleg.
 85269 | Pan      | Found an exit through the horrors of the Abyss.
 85285 | Pan      | Reached skill level 22 in Throwing
 85362 | Pan      | Reached skill level 24 in Fighting
 85365 | Pan      | Noticed Mnoleg
 85379 | Pan      | Killed Mnoleg
 85411 | Pan      | Reached skill level 19 in Invocations
 85446 | Pan      | Gained mutation: You occasionally shout uncontrollably at your foes. [a cacodemon]
 85450 | Pan      | Got a glowing rune of Zot
 85475 | Pan      | Noticed Mennas
 85483 | Pan      | Killed Mennas
 85520 | Pan      | Noticed Voeruosh the pandemonium lord
 85528 | Pan      | Killed Voeruosh the pandemonium lord
 85532 | Pan      | Gained mutation: Scrolls take you a little longer to read. [a neqoxec]
 85535 | Pan      | Noticed Ignacio
 85743 | Pan      | Lost mutation: Your magical capacity is low. (-10% MP) [potion of cure mutation]
 85743 | Pan      | Lost mutation: You are partially covered in yellow scales. (AC +2) [potion of cure mutation]
 85743 | Pan      | Lost mutation: You occasionally shout uncontrollably at your foes. [potion of cure mutation]
 85743 | Pan      | Lost mutation: Your spells are a little easier to cast, but a little less powerful. [potion of cure mutation]
 86206 | Pan      | Found an exit through the horrors of the Abyss.
 86321 | Pan      | Killed Ignacio
 86321 | Pan      | Reached skill level 16 in Translocations
 86386 | Pan      | Noticed Buleusk the pandemonium lord
 86478 | Pan      | Entered the realm of Cerebov.
 86765 | Pan      | Noticed Cerebov
 86880 | Pan      | Identified the ring of the Orange Skies {rElec MR+ AC+4 SInv Stlth-} (You found it in Pandemonium)
 86888 | Pan      | Identified the ring "Uheupoi" {+Fly rC- rN+ Int+4 Stlth+} (You found it in Pandemonium)
 86934 | Pan      | Killed Cerebov
 86966 | Pan      | Identified the ring "Yngemoack" {MR+ Dex+3} (You found it in Pandemonium)
 86968 | Pan      | Identified the Volume of Calling and Ice
 86991 | Pan      | Reached skill level 19 in Dodging
 87020 | Pan      | Identified the +9 dire flail "Kefoxaa" {speed, rN+} (You found it in Pandemonium)
 87048 | Pan      | Got a fiery rune of Zot
 87067 | Pan      | Identified the +6 battleaxe of Zigoc {pain, Dex+4} (You took it off a balrug in Pandemonium)
 87097 | Pan      | Identified the ring of Batref {rC+ Str+2 Int-5 Dex+4 Slay+5} (You found it in Pandemonium)
 87125 | Pan      | Learned a level 2 spell: Passwall
 87131 | Pan      | Identified the Volume of Enhancements and Ice
 87163 | Pan      | Identified the +1 plate armour of Toodghoqi {+Blink rC+ Slay-4} (You found it in Pandemonium)
 87310 | Pan      | Found an exit through the horrors of the Abyss.
 87321 | Pan      | Took an exit into the Abyss.
 87321 | Abyss:1  | Escaped into the Abyss
 87346 | Abyss:1  | Reached skill level 17 in Translocations
 87448 | Abyss:1  | Identified the +3 chain mail "Defiz" {MR+} (You found it on level 1 of the Abyss)
 87625 | Abyss:2  | Found a radiant altar of Vehumet.
 87652 | Abyss:3  | Reached skill level 20 in Invocations
 87713 | Abyss:3  | Got an abyssal rune of Zot
 87727 | Depths:3 | Escaped the Abyss
 88344 | Hell     | Found a gateway to the Iron City of Dis.
 88366 | Dis:1    | Entered Level 1 of the Iron City of Dis
 89230 | Dis:3    | Reached skill level 23 in Throwing
 89436 | Dis:7    | Entered Level 7 of the Iron City of Dis
 89615 | Dis:7    | Reached skill level 18 in Translocations
 89736 | Dis:7    | Identified the +7 giant spiked club of the Priest {crush, -Tele rF++ SInv} (You found it on level 7 of the Iron City of Dis)
 89765 | Dis:7    | Noticed Dispater
 89778 | Dis:7    | Killed Dispater
 89787 | Dis:7    | Got an iron rune of Zot
 89826 | Dis:7    | Cast into level 5 of the Abyss (miscasting Controlled Blink)
 89826 | Abyss:5  | Entered Level 5 of the Abyss
 89892 | Abyss:5  | Found a corrupted altar of Lugonu.
 90084 | Abyss:5  | Found a corrupted altar of Lugonu.
 90132 | Dis:7    | Escaped the Abyss
 90494 | Hell     | Found a gateway to the freezing wastes of Cocytus.
 90523 | Hell     | Reached skill level 20 in Dodging
 90588 | Hell     | Found a gateway to the decaying netherworld of Tartarus.
 90601 | Tar:1    | Entered Level 1 of Tartarus
 90610 | Tar:1    | Reached skill level 21 in Invocations
 91240 | Tar:3    | Reached skill level 19 in Translocations
 91599 | Tar:5    | Reached skill level 14 in Spellcasting
 91924 | Tar:6    | Reached skill level 24 in Throwing
 92031 | Tar:7    | Entered Level 7 of Tartarus
 92276 | Tar:7    | Identified the +1 robe "Ykorin" {rElec Int-3 Stlth+} (You found it on level 7 of Tartarus)
 92327 | Tar:7    | Reached skill level 22 in Invocations
 92366 | Tar:7    | Noticed Ereshkigal
 92375 | Tar:7    | Killed Ereshkigal
 92375 | Tar:7    | Reached skill level 15 in Spellcasting
 92397 | Tar:7    | Gained mutation: You are frail. (-10% HP) [mutagenic glow]
 92407 | Tar:7    | Got a glittering lapis lazuli ring
 92409 | Tar:7    | Got a bone rune of Zot
 92416 | Tar:7    | Identified the Tome of Sinister Ice
 92508 | Tar:7    | Gained mutation: You expend magic power (3 MP) to strengthen your wands. [mutagenic glow]
 92548 | Tar:7    | Reached skill level 20 in Translocations
 92590 | Tar:7    | Reached skill level 21 in Dodging
 92645 | Hell     | Lost mutation: You are frail. (-10% HP) [potion of cure mutation]
 92645 | Hell     | Lost mutation: You expend magic power (3 MP) to strengthen your wands. [potion of cure mutation]
 92645 | Hell     | Lost mutation: You possess an exceptional clarity of mind. [potion of cure mutation]
 92645 | Hell     | Lost mutation: Scrolls take you a little longer to read. [potion of cure mutation]
 92675 | Hell     | Identified the ring "Hemir" {Wiz MP+9 Int+4 Stlth+} (You found it on level 7 of Tartarus)
 92692 | Hell     | Found a gateway to the ashen valley of Gehenna.
 92707 | Geh:1    | Entered Level 1 of Gehenna
 93403 | Geh:4    | You fall through a shaft!
 93627 | Geh:7    | Entered Level 7 of Gehenna
 93636 | Geh:7    | Noticed Asmodeus
 93658 | Geh:7    | Killed Asmodeus
 93684 | Geh:7    | Got an obsidian rune of Zot
 93893 | Coc:1    | Entered Level 1 of Cocytus
 93977 | Coc:2    | Reached skill level 23 in Invocations
 94127 | Coc:3    | Reached skill level 21 in Translocations
 94146 | Coc:4    | Found a huge runed gate.
 94147 | Coc:4    | Found a huge runed gate.
 94147 | Coc:4    | Found a huge runed gate.
 94148 | Coc:4    | Found a huge runed gate.
 94148 | Coc:4    | Found a huge runed gate.
 94148 | Coc:4    | Found a huge runed gate.
 94153 | Coc:4    | Found a huge runed gate.
 94153 | Coc:4    | Found a huge runed gate.
 94153 | Coc:4    | Found a huge runed gate.
 94153 | Coc:4    | Found a huge runed gate.
 94153 | Coc:4    | Found a huge runed gate.
 94284 | Coc:7    | Entered Level 7 of Cocytus
 94311 | Coc:7    | Noticed Antaeus
 94327 | Coc:7    | Killed Antaeus
 94375 | Coc:7    | Got an ancient turquoise ring
 94382 | Coc:7    | Got an icy rune of Zot
 94436 | Coc:7    | Got an encrusted whip
 94437 | Coc:7    | Identified the +5 whip of Annoyance {slash, *Contam rN+ Int+4} (You found it on level 7 of Cocytus)
 94559 | Coc:7    | Noticed the Serpent of Hell
 94570 | Coc:7    | Killed the Serpent of Hell
 94725 | Hell     | Identified the ring "Pudokaupt" {rC+ rN+ Str-4 Int+7 Dex+2} (You found it on level 7 of Cocytus)
 95036 | Tomb:1   | Entered Level 1 of the Tomb of the Ancients
 95176 | Tomb:1   | Reached skill level 22 in Dodging
 95363 | Tomb:1   | Noticed a greater mummy
 95365 | Tomb:1   | Noticed a greater mummy
 95369 | Tomb:1   | Killed a greater mummy
 95378 | Tomb:1   | Killed a greater mummy
 96774 | Zot:3    | Identified the ring "Geseogumn" {+Fly rC+ Dex+4} (You found it on level 3 of the Realm of Zot)
 96926 | Zot:3    | Reached skill level 22 in Translocations
 97106 | Zot:5    | Noticed an orb of fire
 97112 | Zot:5    | Gained mutation: You possess an exceptional clarity of mind. [an orb of fire]
 97120 | Zot:5    | Killed an orb of fire
 97123 | Zot:5    | Noticed an orb of fire
 97124 | Zot:5    | Noticed an ancient lich
 97139 | Zot:5    | Killed an ancient lich
 97142 | Zot:5    | Gained mutation: You are clumsy. (Dex -2) [an orb of fire]
 97144 | Zot:5    | Killed an orb of fire
 97144 | Zot:5    | Reached skill level 24 in Invocations
 97392 | Zot:5    | Gained mutation: You are frail. (-10% HP) [an orb of fire]
 97396 | Zot:5    | Killed an orb of fire
 97399 | Zot:5    | Reached skill level 25 in Maces & Flails
 97740 | Zot:5    | Noticed an orb of fire
 97745 | Zot:5    | Killed an orb of fire
 97746 | Zot:5    | Noticed an orb of fire
 97747 | Zot:5    | Gained mutation: You tend to lose your temper in combat. [an orb of fire]
 97751 | Zot:5    | Killed an orb of fire
 97960 | Zot:5    | Lost mutation: You possess an exceptional clarity of mind. [potion of cure mutation]
 97960 | Zot:5    | Lost mutation: You are clumsy. (Dex -2) [potion of cure mutation]
 97960 | Zot:5    | Lost mutation: You are frail. (-10% HP) [potion of cure mutation]
 97960 | Zot:5    | Lost mutation: You tend to lose your temper in combat. [potion of cure mutation]
 97960 | Zot:5    | Lost mutation: Your movements are slightly less encumbered by armour. (ER -2) [potion of cure mutation]
 98653 | Crypt:3  | Identified the ring of Raagees {rC+ rN+} (You took it off a necromancer on level 3 of the Crypt)
 98968 | Tomb:2   | Noticed a greater mummy
 98968 | Tomb:2   | Noticed a greater mummy
 98968 | Tomb:2   | Noticed a greater mummy
 98968 | Tomb:2   | Noticed a greater mummy
 98970 | Tomb:2   | Reached skill level 25 in Fighting
 98972 | Tomb:2   | Gained mutation: Your body sometimes deteriorates upon taking damage. [a neqoxec]
 98972 | Tomb:2   | Gained mutation: Scrolls take you a little longer to read. [a neqoxec]
 98978 | Tomb:1   | Killed a greater mummy
 98980 | Tomb:1   | Killed a greater mummy
 99088 | Tomb:2   | Reached skill level 26 in Maces & Flails
 99096 | Tomb:1   | Killed a greater mummy
 99190 | Tomb:1   | Killed a greater mummy
 99574 | Tomb:3   | Entered Level 3 of the Tomb of the Ancients
 99585 | Tomb:3   | Noticed a greater mummy
 99585 | Tomb:3   | Noticed a greater mummy
 99590 | Tomb:3   | Noticed a greater mummy
 99591 | Tomb:3   | Noticed an ancient lich
 99763 | Tomb:2   | Killed a greater mummy
 99767 | Tomb:2   | Killed a greater mummy
 99778 | Tomb:2   | Killed an ancient lich
 99794 | Tomb:2   | Killed a greater mummy
 99794 | Tomb:2   | Reached skill level 23 in Translocations
 99927 | Tomb:3   | Noticed a greater mummy
 99934 | Tomb:2   | Reached skill level 23 in Dodging
100040 | Tomb:2   | Killed a greater mummy
100102 | Tomb:3   | Reached skill level 27 in Maces & Flails
100175 | Tomb:3   | Reached skill level 26 in Fighting
100206 | Tomb:3   | Noticed a greater mummy
100213 | Tomb:3   | Killed a greater mummy
100227 | Tomb:3   | Noticed Boris
100233 | Tomb:3   | Killed Boris
100255 | Tomb:3   | Noticed a greater mummy
100264 | Tomb:3   | Killed a greater mummy
100316 | Tomb:3   | Got a slimy wooden ring
100318 | Tomb:3   | Identified the ring of Ruces {*Corrode +Fly rElec rPois Str+3} (You found it on level 3 of the Tomb of the Ancients)
100323 | Tomb:3   | Got a ripped robe
100334 | Tomb:3   | Identified the +4 robe "Gydyog" {-Tele rC+++} (You found it on level 3 of the Tomb of the Ancients)
100387 | Tomb:3   | Got a glittering graven amulet
100389 | Tomb:3   | Identified the amulet of Vothrey {Regen+ Int+4} (You found it on level 3 of the Tomb of the Ancients)
100429 | Tomb:3   | Noticed a greater mummy
100437 | Tomb:3   | Killed a greater mummy
100517 | Tomb:3   | Identified the Catalogue of the Cankerous Mountains
100524 | Tomb:3   | Learned a level 5 spell: Lee's Rapid Deconstruction
100591 | Tomb:3   | Got a golden rune of Zot
100613 | Tomb:3   | Noticed a greater mummy
100619 | Tomb:3   | Killed a greater mummy
100692 | Tomb:1   | Reached skill level 27 in Fighting
100705 | Tomb:1   | Noticed a greater mummy
100707 | Tomb:1   | Killed a greater mummy
100708 | Tomb:1   | Noticed a greater mummy
100710 | Tomb:1   | Noticed a greater mummy
100711 | Tomb:1   | Killed a greater mummy
100726 | Tomb:1   | Killed a greater mummy
100787 | Tomb:1   | Noticed a greater mummy
100792 | Tomb:1   | Killed a greater mummy
100870 | Tomb:1   | Noticed a greater mummy
100870 | Tomb:1   | Noticed a greater mummy
100877 | Tomb:1   | Killed a greater mummy
100878 | Tomb:1   | Killed a greater mummy
100964 | Crypt:3  | Lost mutation: Your body sometimes deteriorates upon taking damage. [potion of cure mutation]
100964 | Crypt:3  | Lost mutation: Scrolls take you a little longer to read. [potion of cure mutation]
101502 | Zot:5    | Got the Orb of Zot
101513 | Zot:5    | Noticed Xyimn the pandemonium lord
101521 | Zot:5    | Killed Xyimn the pandemonium lord
101738 | Depths:2 | Noticed Qamoas the pandemonium lord
101744 | Depths:2 | Killed Qamoas the pandemonium lord
101829 | D:14     | Noticed Koseosot the pandemonium lord
101836 | D:14     | Noticed a seraph
101843 | D:14     | HP: 2/419 [Koseosot the pandemonium lord/great icy blast (71)]
101848 | D:14     | Killed from afar by Koseosot the pandemonium lord

Vault maps used:
D:1:      matt_arrival_spirals
D:2:      first_bread, minmay_crystal_water, serial_park_tiny_pond
D:3:      nicolae_ashenzari_panopticon
D:4:      gup_sewer_entry_bowl, minmay_close_crescents
D:5:      lemuel_ratsnest, overflow_temple_1_default, uniq_eustachio
D:7:      grunt_livestock, uniq_duvessa, uniq_prince_ribbit1
D:8:      nicolae_qazlal_eye_of_the_storm, dpeg_oklobed_lair
D:9:      orc_david_3, serial_shops, shop, minmay_tree_intersection
D:10:     basic_altar, enter_bailey_3
D:11:     hangedman_glass_teeth
D:12:     item_on_display_a
D:14:     david_vaults_2, minivault_19, serial_shops, kennysheep_mini,
          basic_altar, trog_ov_bears_minmay, uniq_urug
D:15:     grunt_enter_depths_giant_problem, lemuel_mausoleum_altar_yredelemnul,
          billiards_dpeg
Temple:   dpeg_five_rooms_temple
Lair:1:   nicolae_quartered_pool_super, beast_lair_carwin_6
Lair:2:   swamp_mist_pool, beast_lair_carwin_11, uniq_harold
Lair:3:   grunt_megastairs_3, uniq_nergalle, uniq_fannar
Lair:4:   minmay_snake_entry_guardpost_small, uniq_rupert
Lair:5:   onia_ninara_swampy_vault, uniq_josephine, uniq_nessos
Lair:6:   minmay_lair_end_enchanted_forest, minmay_slime_entry_oklob_open,
          infiniplex_staircase_pool
Swamp:1:  evilmike_swamp_ruin_house_2
Swamp:2:  nicolae_swamp_treefoil, swamp_pool1, infiniplex_staircase_pool_2,
          uniq_kirke
Swamp:3:  nicolae_swamp_triple_paths, swamp_pool4
Swamp:4:  grunt_swamp_rune_castle
Snake:1:  nicolae_snake_nest, nicolae_alphabet_shops, uniq_agnes, uniq_roxanne
Snake:2:  st_stairs_9, uniq_nikola
Snake:3:  spider_trap
Snake:4:  snake_pit, stair_cage_wide, uniq_aizul
Slime:1:  nicolae_slime_barrier, hangedman_slime_tunnels
Slime:2:  hangedman_slime_spill
Slime:3:  basic_altar
Orc:1:    basic_altar
Orc:2:    grunt_orc_gardens, grunt_orc_garden, grunt_orc_garden,
          grunt_orc_garden, grunt_orc_garden, guppyfry_orc_lava_fort,
          uniq_sonja, uniq_maurice
Elf:1:    eino_elf_arrival_customs, portal_desolation_entry_ruin,
          minmay_elf_demonology, minmay_fountain_box
Elf:2:    serial_shops, shop_fountains, hangedman_elven_crosses_minicolossus
Elf:3:    minmay_elf_hall_hex, basic_altar, uniq_jorgrun
Vaults:1: vaults_mumra_bighexcomb, vaults_room_grunt_arrival_ludios,
          v_alt_pattern_5, vaults_dpeg_encased_lava, vaults_dpeg_spiral,
          vaults_room_stairs_pillars, ontoclasm_vaults_eye, v_misc_29,
          vaults_dpeg_cross, vaults_room_ringed_pool, v_misc_1,
          nicolae_vaults_asterisk
Vaults:2: hangedman_vaults_river_flow, nicolae_vaults_branching_niches,
          hangedman_vaults_nails, nicolae_vaults_network_s,
          ontoclasm_vaults_bender, hangedman_vaults_cutoff, v_misc_26,
          hangedman_vaults_capsules, ontoclasm_vaults_ring_large
Vaults:3: st_greater_box_3, hangedman_vaults_stagger, v_alt_pattern_6,
          vaults_standard_mumra_enter_the_diamond,
          ontoclasm_vaults_decontamination, nicolae_vaults_little_squares_2,
          minmay_crypt_entry_simple_corners, hangedman_vaults_restitches,
          v_misc_23, dpeg_vaults_monster_box, v_misc_23, vaults_room_door_hall,
          serial_shops, shop_statue
Vaults:4: v_misc_31, grunt_vaults_funnel, nicolae_vaults_little_ls,
          ontoclasm_vaults_idyll, nicolae_vaults_network_quinsquares, v_misc_4,
          basic_altar
Crypt:1:  st_stairs_12, small_chamber_with_monster, uniq_mara, uniq_jory,
          uniq_donald, uniq_khufu
Crypt:2:  minivault_14, grunt_ministairs_6, uniq_xtahua, uniq_boris,
          uniq_margery
Crypt:3:  evilmike_haunted_forest, uniq_sojobo, uniq_boris
Tomb:3:   uniq_boris
Depths:1: enter_ziggurat_c, hangedman_abyss_or_decor_stagger,
          pf_hell_entry_great_geh, patterned_corridor
Depths:2: kennysheep_blocky_hall, abyss_entry_crystal,
          hangedman_abyss_or_decor_jellyfish_corner, hell_entry,
          infiniplex_staircase_squiggle
Depths:3: hangedman_grunt_twisty_little_passages, pf_coc_iceberg, pan_entry,
          serial_shops, bzr_firewalk, firewood_loft,
          infiniplex_staircase_zigzag_3
Depths:4: kennysheep_large_spiral, grunt_mini_vestibule, hangedman_decor_push,
          abyss_entry, serial_bayou_pond_b, grunt_megastairs_5,
          infiniplex_staircase_pool_1
Depths:5: hangedman_spin_cycle, hell_entry, pan_entry, serial_shops
Dis:1:    nicolae_dis_lava_storage_tank, hangedman_dis_decor_blocks_talon
Dis:3:    grunt_dis_stairs_iron_hall
Dis:7:    iron_city_of_dis
Geh:2:    lemuel_old_faithful
Geh:7:    evilmike_geh
Coc:4:    door_vault
Coc:6:    special_room
Coc:7:    coc_grunt
Tar:6:    nicolae_tar_cuneiform_two
Tar:7:    tar_minmay_river
Zot:1:    basic_loot_grate_trap, uniq_tiamat
Zot:2:    grunt_megastairs_2
Zot:3:    minmay_elemental_castle, st_stairs_10
Abyss:2:  bh_abyss_negative
Abyss:3:  nicolae_abyss_rune_left_handed, minivault_25
Abyss:5:  evilmike_abyss_exit_11, hangedman_abyss_batty_box, bh_abyss_exit_grid
Pan:      nicolae_pan_door_chamber, evilmike_mini_pan_doors,
          pan_blood_fountain_small, lemuel_hall_of_pain, special_room,
          nicolae_pan_sigil_itan, nicolae_pan_lom_lobonic_1,
          grunt_pan_in_and_out, evilmike_mini_pan_V, pan_blood_fountain_small,
          nicolae_pan_performance_anxiety, lemuel_hellion_island,
          nicolae_pan_sigil_nadil, nicolae_pan_lom_lobonic_3,
          evilmike_mini_pan_T, nicolae_pan_sigil_nadil,
          evilmike_mini_pan_doors_b, evilmike_mini_pan_thingy,
          pan_blood_fountain, evilmike_mini_pan_layers, lom_lobon,
          gloorx_vloq_grunt_torture_chamber, uniq_ignacio,
          nicolae_pan_lom_lobonic_2, evilmike_mini_pan_possible_glass,
          rand_demon_9, regret_index_pan_draining_boxed, uniq_mennas_pan,
          evilmike_mini_pan_doors_b, grunt_pan_spiral, mnoleg_grunt,
          uniq_mennas_pan, nicolae_pan_gloorx_vloqian_3, nicolae_pan_sigil_eeng,
          nicolae_pan_glass_arcs, uniq_ignacio, pan_blood_fountain_small,
          nicolae_pan_strange_glyphs, evilmike_mini_pan_possible_glass,
          evilmike_cerebov_lava, nicolae_pan_sigil_itan
Bazaar:   bazaar_kb_twisted_cavern
Sewer:    kennysheep_pipe_town
Bailey:   bailey_polearm_flooded_kennysheep, bailey

Skill      XL: |  1  2  3  4  5  6  7  8  9 10 11 12 13 14 15 16 17 18 19 20 21 22 23 24 25 26 27 |
---------------+----------------------------------------------------------------------------------+-----
Maces & Flails | 2 3 4 5 6 8 10 12 14 15 16 18 19 21 22 23 24 27 | 27.0
Fighting       | 2 3 4 5 7 9 10 11 12 13 14 15 16 17 18 19 20 27 | 27.0
Throwing       | 1 2 3 4 5 6 8 12 13 14 15 16 17 18 24 | 24.4
Invocations    | 4 7 9 10 11 12 13 24 | 24.6
Evocations     | 2 3 |  3.0
Dodging        | 4 6 7 8 9 10 11 12 13 23 | 23.4
Translocations | 4 6 7 8 9 10 23 | 23.0
Earth Magic    | 1 4 6 7 9 10 11 13 14 | 14.0
Transmutations | 4 6 8 9 10 11 13 14 | 14.0
Spellcasting   | 2 4 6 7 9 10 15 | 15.0
Charms         | 1 3 4 |  4.0
Air Magic      | 1 3 4 |  4.0
Hexes          | 2 5 |  5.0
Conjurations   | 2 5 |  5.0
Long Blades    | |  1.3
Stealth        | |  1.5

Action                   |  1- 3 |  4- 6 |  7- 9 | 10-12 | 13-15 | 16-18 | 19-21 | 22-24 | 25-27 || total
-------------------------+-------+-------+-------+-------+-------+-------+-------+-------+-------++-------
Melee: Falchion          |    15 |       |       |       |       |       |       |       |       ||    15
       Whip              |    98 |   188 |       |       |       |       |       |       |       ||   286
       Mace              |     1 |       |       |       |       |       |       |       |       ||     1
       Flail             |       |     3 |   304 |    41 |       |       |       |       |       ||   348
       Giant club        |       |       |       |   303 |       |       |       |       |       ||   303
       Giant spiked club |       |       |       |   142 |  1246 |  1305 |  1171 |  1157 |  6025 || 11046
 Fire: Blowgun           |       |    20 |   138 |    14 |       |       |       |       |    16 ||   188
Throw: Stone             |       |     1 |     5 |       |       |       |       |       |       ||     6
       Tomahawk          |       |       |       |    42 |    22 |     6 |    92 |       |       ||   162
       Javelin           |       |       |       |    12 |   140 |   112 |       |       |       ||   264
       Large rock        |       |       |       |       |     9 |    25 |   100 |   258 |   345 ||   737
       Throwing net      |       |       |       |       |     1 |       |       |       |       ||     1
 Cast: Portal Projectile |       |       |       |       |       |     3 |    35 |    32 |    72 ||   142
       Apportation       |       |       |       |       |       |     3 |       |     2 |   111 ||   116
       Blink             |       |       |       |       |       |     1 |       |     3 |    21 ||    25
       Repel Missiles    |       |       |       |       |       |       |     8 |    13 |    43 ||    64
       Statue Form       |       |       |       |       |       |       |       |       |   194 ||   194
       Controlled Blink  |       |       |       |       |       |       |       |       |     8 ||     8
       Passwall          |       |       |       |       |       |       |       |       |     5 ||     5
       Yara's Violent Un |       |       |       |       |       |       |       |       |     4 ||     4
       Dispersal         |       |       |       |       |       |       |       |       |     3 ||     3
       Spectral Weapon   |       |       |       |       |       |       |       |       |     1 ||     1
Invok: Divine Shield     |       |       |       |     1 |       |       |       |       |       ||     1
       Summon Divine War |       |       |       |       |       |     6 |     5 |     1 |     5 ||    17
       Cleansing Flame   |       |       |       |       |       |     1 |       |       |    24 ||    25
       Brand Weapon With |       |       |       |       |       |       |       |       |     1 ||     1
 Abil: Evoke Berserk Rag |       |       |       |       |       |       |       |     2 |       ||     2
       End Transformatio |       |       |       |       |       |       |       |       |     3 ||     3
Evoke: Wand              |       |       |    12 |     3 |    14 |     8 |     3 |     9 |    40 ||    89
       Phial of floods   |       |       |       |       |       |     1 |       |       |     1 ||     2
  Use: Scroll            |       |     3 |     6 |     6 |    17 |    26 |     9 |    16 |    72 ||   155
       Potion            |       |     1 |     1 |     5 |     7 |     6 |     2 |       |    38 ||    60
 Stab: Sleeping          |     2 |     2 |       |     1 |       |       |       |       |     2 ||     7
       Paralysed         |       |       |       |       |     1 |       |       |       |    39 ||    40
       Distracted        |       |       |       |       |       |       |       |       |     2 ||     2
       Held in net/web   |       |       |       |       |       |       |       |       |     1 ||     1
  Eat: Chunk             |     1 |     6 |    11 |    24 |    37 |    22 |    35 |    30 |    31 ||   197
       Pizza             |       |       |       |       |       |     5 |       |     3 |     7 ||    15
       Bread ration      |       |       |       |       |       |     2 |       |     2 |    24 ||    28
       Fruit             |       |       |       |       |       |     4 |       |       |    10 ||    14
       Beef jerky        |       |       |       |       |       |     3 |     2 |     1 |    12 ||    18
       Royal jelly       |       |       |       |       |       |     1 |       |       |     1 ||     2
       Meat ration       |       |       |       |       |       |       |       |       |    18 ||    18
Armor: Robe              |    54 |    76 |   119 |    46 |   253 |       |       |       |       ||   548
       Skin              |       |       |   118 |       |     9 |    12 |    18 |       |  2023 ||  2180
       Troll leather arm |       |       |       |    88 |    45 |   374 |   257 |   299 |   513 ||  1576
       Swamp dragon armo |       |       |       |       |       |    75 |       |       |       ||    75
Dodge: Dodged            |    49 |    89 |   168 |   289 |   749 |   622 |   538 |   712 |  7602 || 10818
       Deflected         |       |       |       |       |       |       |    20 |    36 |   133 ||   189
Block: Other             |       |       |       |     6 |    67 |       |       |       |  1783 ||  1856
       Reflection        |       |       |       |       |     1 |       |       |       |    25 ||    26
